 Dungeon Crawl Stone Soup version 0.29.1-15-g9cfb28693d (webtiles) character file.

Game seed: 3047378640794223440

59 jtron the Protected (level 4, -5/37 (38) HPs)
             Began as a Gnoll Wanderer on Mar 20, 2023.
             Slain by Crazy Yiuf
             ... wielding a +2 quarterstaff of chaos
              (6 damage)
             ... on level 2 of the Dungeon.
             The game lasted 00:03:54 (2279 turns).

jtron the Protected (Gnoll Wanderer)                Turns: 2279, Time: 00:03:55

HP:   -5/37 (38)    AC: 16    Str: 11    XL:     4   Next: 3%
MP:   5/5           EV:  7    Int:  8    God:
Gold: 143           SH:  0    Dex: 17    Spells: 5/5 levels left

rFire   . . .      SeeInvis .   a - +0 sling
rCold   . . .      Faith    .   (no shield)
rNeg    . . .      Spirit   .   p - +0 shadow dragon scales
rPois   .          Reflect  .   (no helmet)
rElec   .          Harm     .   (no cloak)
rCorr   .          Rampage  .   (no gloves)
Will    .....                   (no boots)
Stlth   +++.......              (no amulet)
HPRegen 0.12/turn               (no ring)
MPRegen 0.09/turn               (no ring)

@: lightly drained
A: fangs 1, strong nose, distributed training
a: no special abilities


You were on level 2 of the Dungeon.
You visited 1 branch of the dungeon, and saw 3 of its levels.

You collected 143 gold pieces.

Inventory:

Hand Weapons
 a - a +0 sling (weapon)
 b - a +2 dagger of draining
Missiles
 e - 26 stones
 m - 2 javelins
Armour
 p - +0 shadow dragon scales (worn)
Magical Staves
 j - a staff of death
Scrolls
 c - a scroll of silence
 i - a scroll of vulnerability {unknown}
 l - 2 scrolls of magic mapping {unknown}
 n - a scroll of identify {unknown}
Potions
 d - a potion of attraction
 f - a potion of curing {unknown}
 g - a potion of cancellation
 h - a potion of invisibility {unknown}
 k - a potion of ambrosia


   Skills:
 + Level 4.6 Fighting
 + Level 1.0 Short Blades
 + Level 1.0 Long Blades
 + Level 1.0 Axes
 + Level 1.0 Maces & Flails
 + Level 1.0 Polearms
 + Level 1.0 Staves
 + Level 4.6 Ranged Weapons
 + Level 1.0 Throwing
 + Level 10.4 Armour
 + Level 2.7 Dodging
 + Level 1.0 Stealth
 + Level 1.0 Shields
 + Level 1.0 Unarmed Combat
 + Level 1.0 Spellcasting
 + Level 0.8 Conjurations
 + Level 0.8 Hexes
 + Level 0.8 Summonings
 + Level 0.8 Necromancy
 + Level 0.8 Translocations
 + Level 0.8 Transmutations
 + Level 0.8 Fire Magic
 + Level 0.8 Ice Magic
 + Level 0.8 Air Magic
 + Level 0.8 Earth Magic
 + Level 0.8 Poison Magic
 + Level 1.1 Invocations
 + Level 1.0 Evocations


You had 5 spell levels left.
You didn't know any spells.
Your spell library contained the following spells:

 Spells                   Type           Power      Damage    Failure   Level
 Frozen Ramparts          Ice            2%         1d1       100%        3
 Ice Form                 Ice/Tmut       1%         N/A       100%        4
 Summon Ice Beast         Ice/Summ       1%         N/A       100%        4


Dungeon Overview and Level Annotations

Branches:
Dungeon (3/15)

Altars:
Hepliaklqana

Annotations:
D:2 Crazy Yiuf
D:3 1 runed translucent door


Innate Abilities, Weirdness & Mutations

You have very sharp teeth.
Your uncanny sense of smell can sniff out nearby items.
Your experience applies equally to all skills.


Message History

You are too injured to fight recklessly!
Unknown command.
Okay, then.
It was a potion of ambrosia.
You are confused.
You feel invigorated.
You feel sick.
Crazy Yiuf screams, "Rifle!
Flower infinity hand."
It was a potion of cancellation.
Your magical effects are unravelling.
You feel magically purged.
You feel less invigorated.
You feel less confused.
You feel sick.
Fire: a) +0 sling
Press: ? - help, Q - select action, (/) - cycle Shift-Dir - straight line, f/p - Crazy Yiuf
Aim: Crazy Yiuf, wielding a +2 quarterstaff of chaos and wearing a +0 cloak of willpower (heavily wounded, 65% to hit)
You shoot a sling bullet.
The sling bullet barely misses Crazy Yiuf.
You feel sick. Crazy Yiuf hits you but does no damage.
Crazy Yiuf flaps his cloak.
Crazy Yiuf hits you with a +2 quarterstaff of chaos!
* * * LOW HITPOINT WARNING * * *
You feel drained.
* * * LOW HITPOINT WARNING * * *
Fire: a) +0 sling
Press: ? - help, Q - select action, (/) - cycle Shift-Dir - straight line, f/p - Crazy Yiuf
Aim: Crazy Yiuf, wielding a +2 quarterstaff of chaos and wearing a +0 cloak of willpower (heavily wounded, 65% to hit)
You shoot a sling bullet. The sling bullet hits Crazy Yiuf.
Crazy Yiuf is severely wounded.
* * * LOW HITPOINT WARNING * * *
You feel sick. Crazy Yiuf barely misses you. x2
Fire: a) +0 sling
Press: ? - help, Q - select action, (/) - cycle Shift-Dir - straight line, f/p - Crazy Yiuf
Aim: Crazy Yiuf, wielding a +2 quarterstaff of chaos and wearing a +0 cloak of willpower (severely wounded, 65% to hit)
You shoot a sling bullet.
The sling bullet barely misses Crazy Yiuf.
* * * LOW HITPOINT WARNING * * *
You feel sick.
You are no longer poisoned.
Crazy Yiuf hits you with a +2 quarterstaff of chaos.
You die...

#.###.######.#
##...)...... #.#
#.# #.#
#...########
###### ### ###
#.#.# #...#
###.#.##
#...##♣♣♣♣♣
#......#
#...#.P.♣.♣♣♣#####
#......#
#[....P..♣..♣#...#
#..)...#
#.......♣♣♣♣.'...#
#......# #...#.P♣♣
♣♣#.g@# #......#
#...##♣♣ #####
#......# ###.#
#..<...# ....#
#....[##
..#.##############
#######
#...........##.#.#
#.#............#.#
#................#
##################


You could see Crazy Yiuf.

Vanquished Creatures
  An adder (D:2)
  A dart slug (D:3)
  8 ball pythons
  6 endoplasms
  5 giant cockroaches
  A hobgoblin (D:3)
  4 bats
  4 frilled lizards
  4 goblins
  8 kobolds
  5 rats
47 creatures vanquished.

Notes
Turn   | Place    | Note
-------+----------+-------------------------------------------
     0 | D:1      | Reached skill level 10 in Armour
     0 | D:1      | jtron the Gnoll Wanderer began the quest for the Orb.
     0 | D:1      | jtron set off with the following items: a +0 sling, a +2
                  | scale mail, a scroll of silence, a potion of attraction.
     0 | D:1      | Reached XP level 1. HP: 20/20 MP: 1/1
   427 | D:1      | Reached XP level 2. HP: 26/26 MP: 2/2
  1019 | D:2      | Reached XP level 3. HP: 31/31 MP: 3/3
  1022 | D:2      | Found a hazy altar of Hepliaklqana.
  1217 | D:2      | Reached skill level 1 in Invocations
  1386 | D:2      | Reached skill level 1 in Short Blades
  1386 | D:2      | Reached skill level 1 in Long Blades
  1386 | D:2      | Reached skill level 1 in Axes
  1386 | D:2      | Reached skill level 1 in Maces & Flails
  1386 | D:2      | Reached skill level 1 in Polearms
  1386 | D:2      | Reached skill level 1 in Staves
  1386 | D:2      | Reached skill level 1 in Throwing
  1386 | D:2      | Reached skill level 1 in Stealth
  1386 | D:2      | Reached skill level 1 in Shields
  1386 | D:2      | Reached skill level 1 in Unarmed Combat
  1386 | D:2      | Reached skill level 1 in Spellcasting
  1386 | D:2      | Reached skill level 1 in Evocations
  1410 | D:2      | Found a runed translucent door.
  1532 | D:2      | Noticed Crazy Yiuf
  1706 | D:2      | Found a faded altar of an unknown god.
  1994 | D:3      | Found a runed translucent door.
  2077 | D:3      | Reached XP level 4. HP: 38/38 MP: 5/5
  2078 | D:3      | Noticed an ogre
  2279 | D:2      | HP: 1/37 [poisoned by Crazy Yiuf]
  2279 | D:2      | Slain by Crazy Yiuf

Illustrated notes

Levels and vault maps discovered:
D:1:      nzn_arrival_depleted_hourglass, layout_basic
D:2:      layout_loops_ring, basic_altar,
          hellmonk_ecumenical_altar_leap_of_faith, kennysheep_generic_room_7,
          uniq_crazy_yiuf_cottage
D:3:      kennysheep_goblin_castle, layout_loops_ring,
          nemelex_spade_bored_becter, ebering_ghost_sewer_d, grunt_ministairs_3

Skill      XL: |  1  2  3 |
---------------+----------+-----
Armour         | | 10.4
Invocations    | 1 |  1.1
Short Blades   | 1 |  1.0
Long Blades    | 1 |  1.0
Axes           | 1 |  1.0
Maces & Flails | 1 |  1.0
Polearms       | 1 |  1.0
Staves         | 1 |  1.0
Throwing       | 1 |  1.0
Stealth        | 1 |  1.0
Shields        | 1 |  1.0
Unarmed Combat | 1 |  1.0
Spellcasting   | 1 |  1.0
Evocations     | 1 |  1.0
Fighting       | |  4.6
Ranged Weapons | |  4.6
Dodging        | |  2.7
Conjurations   | |  0.8
Hexes          | |  0.8
Summonings     | |  0.8
Necromancy     | |  0.8
Translocations | |  0.8
Transmutations | |  0.8
Fire Magic     | |  0.8
Ice Magic      | |  0.8
Air Magic      | |  0.8
Earth Magic    | |  0.8
Poison Magic   | |  0.8

Action                   |  1- 3 |  4- 6 || total
-------------------------+-------+-------++-------
Melee: Dagger            |    28 |       ||    28
       Bite              |     2 |       ||     2
 Fire: Sling             |   124 |    11 ||   135
  Use: Scroll            |     1 |     1 ||     2
       Potion            |       |     2 ||     2
Armor: Scale mail        |    34 |       ||    34
       Shadow dragon sca |     6 |     5 ||    11
Dodge: Dodged            |    47 |     3 ||    50
